AoeStats
← Roidz4

Lombardia

509371073Analyzed
2v2 RM · 7d ago on Sep 26, 2026· 17m 24s· 4 players
Game mode
Random Map
Map size
Medium (4 player)
Population
200
Speed
Normal
Resources
Standard
Victory
Conquest
Starting age
Dark Age
Ending age
Imperial Age
RankedLock teamsTeams togetherTeam positionsShared explorationLock speedFull tech treeHidden civsTurbo modeCheats
Victory
Defeat
🇬🇧 Franks · United Kingdom
1153
+15
🇿🇦 Ethiopians · South Africa
1104
+17
🇨🇦 Maya · Canada
1128
-16
🇨🇦 Danes · Canada
1125
-16
Painkiller
0:32 Loom
10:21 Feudal Age
14:50 Fletching
16:17 Double-Bit Axe
luckyjj
10:57 Feudal Age
9:15 Loom
11:37 Double-Bit Axe
11:37 Horse Collar
11:20 Man-at-Arms
11:47 Arson
12:33 Loom
17:20 Scale Mail Armor
ageofcardiff
11:28 Feudal Age
9:45 Loom
11:30 Feudal Age
16:24 Castle Age
14:47 Double-Bit Axe
Roidz4
6:26 Loom
9:45 Feudal Age
12:12 Double-Bit Axe
14:42 Horse Collar
Connection lost

Rejoining the realm…

Still unreachable

The connection could not be restored.

Session expired

The server has moved on; the page needs a fresh start.